 Dungeon Crawl Stone Soup version 0.21.0-3-g78d12a8 (webtiles) character file.

40859 namelastname112 the Summoner (level 13, -8/117 HPs)
             Began as a Black Draconian Summoner on Jan 10, 2018.
             Was a High Priest of Ashenzari.
             Mangled by an orc knight
             ... wielding a +0 war axe
              (45 damage)
             ... on level 9 of the Dungeon.
             The game lasted 00:53:41 (22091 turns).

namelastname112 the Summoner (DrSu)                Turns: 22091, Time: 00:53:42

Health: -8/117     AC: 12    Str: 15    XL:     13   Next: 76%
Magic:  22/36      EV: 18    Int: 19    God:    Ashenzari [*****.]
Gold:   1291       SH:  0    Dex: 12    Spells: 16/32 levels left

rFire    . . .     SeeInvis +   w - +8 morningstar "Ozello" {freeze, Str+3}
rCold    . . .     Gourm    .   (no shield)
rNeg     . . .     Faith    .   (armour unavailable)
rPois    .         Spirit   .   D - +0 mask of the Dragon {MR+ Slay+3 SInv} (curse)
rElec    +         Reflect  .   y - +0 cloak
rCorr    +         Harm     .   d - +1 pair of gloves
MR       +....     Clarity  +   g - +0 pair of boots
Stlth    ++........             o - amulet of regeneration
HPRegen  0.69/turn              l - ring of magical power (curse)
MPRegen  0.25/turn              r - ring of resist corrosion

@: short of breath
A: breathe lightning, unfitting armour, electricity resistance, cold-blooded, AC
+8
a: Breathe Lightning, Curse Item, Scrying, Transfer Knowledge, Renounce Religion


You were on level 9 of the Dungeon.
You worshipped Ashenzari.
Ashenzari was extremely pleased with you.
You were not hungry.

You visited 3 branches of the dungeon, and saw 21 of its levels.

You collected 1291 gold pieces.

Inventory:

Hand Weapons
 w - the +8 morningstar "Ozello" (weapon) {freeze, Str+3}
   (You found it on level 7 of the Dungeon)

   It has been specially enchanted to freeze those struck by it, causing extra
   injury to most foes and up to half again as much damage against particularly
   susceptible opponents.
   It can also slow down cold-blooded creatures.
   It affects your strength (+3).
Armour
 d - a +1 pair of gloves (worn)
 g - a +0 pair of boots (worn)
 y - a +0 cloak (worn)
 D - the cursed +0 mask of the Dragon (worn) {MR+ Slay+3 SInv}
   (You acquired it on level 3 of the Lair of Beasts)

   It affects your accuracy and damage with ranged weapons and melee attacks
   (+3).
   It affects your resistance to hostile enchantments.
   It lets you see invisible.
   It has a curse placed upon it.
Jewellery
 l - a cursed ring of magical power (left hand)
 o - an amulet of regeneration (around neck)
 r - a ring of resist corrosion (right hand)
Wands
 q - a wand of paralysis (36)
 A - a wand of flame (94)
 B - a wand of iceblast (29)
 I - a wand of random effects (36)
 J - a wand of clouds (10)
 Q - a wand of enslavement (12)
 R - a wand of disintegration (15)
 S - a wand of scattershot (5)
Scrolls
 a - a scroll of fear
 c - 10 scrolls of teleportation
 e - a scroll of identify
 f - 7 scrolls of amnesia
 h - 8 scrolls of enchant weapon
 p - a scroll of enchant armour
 G - a scroll of magic mapping
 K - 3 scrolls of fog
 M - 10 scrolls of remove curse
 P - a scroll of blinking
Potions
 j - 2 potions of curing
 k - 2 potions of ambrosia
 n - 2 potions of heal wounds
 s - a potion of invisibility
 t - a potion of might
 u - 4 potions of flight
 v - 3 potions of lignification
 x - 3 potions of mutation
 z - 4 potions of haste
 C - 4 potions of brilliance
 E - a potion of cancellation
 H - a potion of magic
 N - 3 potions of agility
 O - a potion of resistance
Miscellaneous
 i - a crystal ball of energy
 F - a phantom mirror
Comestibles
 b - 36 rations


   Skills:
 + Level 11.9 Fighting
 + Level 10.4 Dodging
 - Level 1.7 Stealth
 + Level 10.3 Spellcasting
 * Level 14.8 Summonings


You had 16 spell levels left.
You knew the following spells:

 Your Spells              Type           Power        Failure   Level  Hunger
a - Blink                 Tloc           N/A          11%         2    None
c - Summon Ice Beast      Ice/Summ       #####...     3%          4    ##.....
d - Summon Lightning Spi  Summ/Air       #####...     3%          4    ##.....
e - Apportation           Tloc           #.....       7%          1    None
x - Call Canine Familiar  Summ           ######..     1%          3    None
z - Call Imp              Summ           ######..     1%          2    None


Dungeon Overview and Level Annotations

Branches:
Dungeon (14/15)            Temple (0/1) D:5            Lair (6/6) D:9
 Shoals (0/4) Lair:2       Spider (0/4) Lair:2        Slime (0/5) Lair:6
    Orc (1/2) D:9
 Vaults: D:13-14

Altars:
Ashenzari
Dithmenos
Elyvilon
Nemelex Xobeh
Okawaru
Ru
Trog
Uskayaw
Vehumet
Wu Jian
The Shining One
Jiyva

Shops:
D:7 [   D:10 *   D:12 [%   Orc:1 (


Innate Abilities, Weirdness & Mutations

You can breathe wild blasts of lightning.
Your glossy black scales are hard. (AC +8)
You cannot fit into any form of body armour.
You are resistant to electric shocks. (rElec)
You are cold-blooded and may be slowed by cold attacks.


Message History

The orc knight is almost dead.
The orb of electricity engulfs the orc.
You kill the orc!
The orb of electricity engulfs the orc knight.
The orc knight is heavily wounded.
You feel somewhat more hungry.
The orc knight hits you with an enchanted great mace!!
* * * LOW HITPOINT WARNING * * *
You take 30 damage, and have 33/117 hp.
MASSIVE DAMAGE!!
Your ice beast hits the ice beast but does no damage.
Your lightning spire shoots out a bolt of lightning at the orc knight!
The bolt of electricity hits the ice beast.
The ice beast dies!
The bolt of electricity hits the orc knight.
Your ice beast misses the orc knight.
Casting: Summon Lightning Spire
Confirm with . or Enter, or press ? or * to list all spells.
A chill wind blows around you.
The orc knight hits you with a war axe!!!
You die...

#.......##..............# #>.#
#....)..##......#.......# #.[#
#..."...##......#.......# ##.#
#.......##......#.......# #.#
#.......#########.......# #.#
#.......# #...>.......# #.#
##.......# #...........# #.###
......(..#####..Y.....o.8####....
...............(@o....Y..........
#################################


You could see 2 orc knights and 2 friendly ice beasts.

Vanquished Creatures
  Azrael (D:13)
  Josephine (D:11)
  A hydra (Lair:3)
  Erica (D:9)
  A two-headed ogre (D:8)
  4 death yaks (Lair:6)
  Sonja (D:11)
  3 ugly things
  2 manticores (Lair:6)
  An elephant (Lair:5)
  2 rime drakes
  4 komodo dragons
  6 spiny frogs
  A queen bee (D:9)
  A troll (D:13)
  2 blink frogs
  3 hippogriffs
  A spriggan (D:7)
  3 wraiths
  11 yaks
  An acid dragon (D:13)
  5 water moccasins
  An ice beast (D:9)
  An orc warrior (D:8)
  12 porcupines
  A hornet zombie (D:10)
  5 sky beasts
  A black bear (Lair:2)
  A phantom (D:9)
  6 wolves
  2 ogres
  10 centaurs
  8 crocodiles
  2 big kobolds
  11 bullfrogs
  A wyvern skeleton (D:12)
  A scorpion (D:11)
  10 killer bees
  2 wights
  2 electric eels
  4 howler monkeys
  3 crimson imps
  2 centaur zombies
  A quasit (D:5)
  A bullfrog zombie (D:8)
  A centaur skeleton (D:9)
  2 hounds
  4 jellies
  3 orc priests
  3 iguanas
  A bullfrog skeleton (D:13)
  7 orc wizards
  6 worker ants
  A killer bee zombie (D:6)
  A hound skeleton (D:8)
  2 worker ant zombies
  2 gnolls
  An adder (D:11)
  A shadow imp (D:8)
  3 oozes (D:3)
  A dart slug (D:3)
  18 orcs
  5 giant cockroaches
  4 goblins
  A hobgoblin (D:3)
  12 jackals
  A ball python (D:2)
  6 bats
  4 frilled lizards
  A jackal skeleton (D:4)
  A jackal zombie (D:6)
  7 kobolds
  A leopard gecko zombie (D:8)
  A quokka skeleton (D:4)
  7 rats
  A fungus (Lair:6)
253 creatures vanquished.

Vanquished Creatures (collateral kills)
  3 hydras
  3 catoblepae (Lair:6)
  4 two-headed ogres
  9 death yaks
  An ugly thing (D:13)
  The ghost of komo4ek the Reanimator, a novice DENe of Vehumet (D:8)
  6 oklob plants
  4 cyclopes
  7 elephants
  10 spiny frogs
  2 black mambas
  Psyche (D:11)
  5 komodo dragons
  A yaktaur (shapeshifter) (D:10)
  2 trolls
  A hornet (D:7)
  3 blink frogs (Lair:2)
  Grinder (D:6)
  A shadow (D:12)
  2 wraiths (D:11)
  Eustachio (D:4)
  3 fire elementals (D:13)
  A wyvern (D:11)
  22 yaks
  A basilisk (Lair:3)
  A hungry ghost (D:10)
  A steam dragon (D:13)
  3 vampire mosquitoes (D:12)
  A soldier ant (D:13)
  5 water moccasins
  6 porcupines
  4 hell hounds (D:13)
  An ice beast (D:5)
  A black bear (D:7)
  2 phantoms
  A sky beast (D:6)
  8 wolves
  4 ogres
  7 centaurs
  2 crocodiles
  Blork the orc (D:6)
  A gnoll sergeant (D:8)
  A wyvern zombie (D:9)
  3 bullfrogs
  4 scorpions
  18 killer bees
  8 wights
  4 howler monkeys
  2 crimson imps
  A quasit (D:8)
  A hound (D:4)
  7 orc wizards
  An orc priest (D:3)
  A centaur skeleton (D:4)
  2 jellies
  A bullfrog skeleton (D:4)
  An iguana (D:4)
  Natasha (thrice) (D:2)
  9 worker ants
  7 gnolls
  A howler monkey skeleton (D:7)
  6 adders
  3 shadow imps
  3 oozes (D:3)
  An adder skeleton (D:4)
  A worm (D:2)
  15 orcs
  2 bats
  3 giant cockroaches
  4 goblins
  2 hobgoblins (D:4)
  8 jackals
  18 kobolds
  5 quokkas
  2 ball pythons
  A frilled lizard (D:3)
  A leopard gecko zombie (D:3)
  3 rats
  2 plants (Lair:6)
299 creatures vanquished.

Vanquished Creatures (others)
  3 fungi (Lair:6)
  4 plants
  6 toadstools (D:3)
13 creatures vanquished.

Grand Total: 565 creatures vanquished

Notes
Turn   | Place    | Note
-------+----------+-------------------------------------------
     0 | D:1      | namelastname112 the Draconian Summoner began the quest for the Orb.
     0 | D:1      | Reached XP level 1. HP: 14/14 MP: 3/3
   312 | D:1      | p0werm0de: wew electronic penis
   343 | D:1      | namelastname112: huh
   347 | D:1      | p0werm0de: epen
   425 | D:1      | Reached XP level 2. HP: 14/22 MP: 0/5
   442 | D:1      | p0werm0de: !lg namelastname112 won
   445 | D:1      | beem: 151. namelastname112 the Phalangite (L26 DrWn of Gozag), escaped with the Orb and 3 runes on 2018-01-08 10:00:09, with 1573196 points after 80398 turns and 2:06:05.
   543 | D:1      | Learned a level 2 spell: Call Imp
   849 | D:2      | Noticed Natasha
   858 | D:2      | Killed Natasha
   858 | D:2      | Reached skill level 1 in Fighting
   913 | D:2      | Noticed Natasha
   922 | D:2      | Reached XP level 3. HP: 27/28 MP: 6/6
   958 | D:2      | Learned a level 3 spell: Call Canine Familiar
  1267 | D:2      | Killed Natasha
  1396 | D:2      | Noticed Natasha
  1408 | D:2      | Killed Natasha
  1408 | D:2      | Reached XP level 4. HP: 18/36 MP: 7/7
  1956 | D:2      | Found a shadowy altar of Dithmenos.
  1963 | D:2      | Found a bloodstained altar of Trog.
  1965 | D:2      | Found a hide-covered altar of Uskayaw.
  2413 | D:3      | Reached XP level 5. HP: 39/42 MP: 9/9
  2514 | D:3      | theanonym: Турниришь что ли?
  2525 | D:3      | namelastname112: наверное
  2665 | D:3      | theanonym: DrSu очень дорогая комба
  2676 | D:3      | namelastname112: на рандом выпала
  3176 | D:3      | Learned a level 4 spell: Summon Lightning Spire
  3231 | D:4      | Reached skill level 5 in Summonings
  3236 | D:4      | Reached XP level 6. HP: 39/51 MP: 10/10
  3425 | D:4      | Found a shattered altar of Ashenzari.
  3450 | D:4      | Became a worshipper of Ashenzari the Shackled
  3541 | D:4      | Noticed Eustachio
  3565 | D:4      | Killed Eustachio
  3730 | D:4      | Your scales start taking on a glossy black colour.
  3730 | D:4      | Reached XP level 7. HP: 58/58 MP: 12/12
  3730 | D:4      | Gained mutation: You are resistant to electric shocks. (rElec) [Black Draconian growth]
  3834 | D:4      | Found an iron altar of Okawaru.
  4017 | D:4      | You fall through a shaft for 2 floors!
  4037 | D:5      | Entered Level 5 of the Dungeon
  4049 | D:5      | Found a sparkling altar of Nemelex Xobeh.
  4180 | D:5      | Found a sacrificial altar of Ru.
  4400 | D:5      | epen: Какой же хайлендер прист клёвый на самом деле. Лучшая дека за последний год, наверное. Фановая, интересная
  4408 | D:5      | epen: Ну ты понял
  4455 | D:5      | Reached skill level 6 in Summonings
  4490 | D:5      | Found a glowing golden altar of the Shining One.
  4558 | D:5      | Found a staircase to the Ecumenical Temple.
  4728 | D:5      | Found a white marble altar of Elyvilon.
  4985 | D:6      | Reached * piety under Ashenzari
  4998 | D:6      | Noticed Blork the orc
  5007 | D:6      | Reached XP level 8. HP: 66/67 MP: 14/14
  5013 | D:6      | Killed Blork the orc
  5057 | D:6      | Reached skill level 5 in Fighting
  5455 | D:6      | Noticed Grinder
  5480 | D:6      | Paralysed by Grinder for 4 turns
  5488 | D:6      | Killed Grinder
  5578 | D:6      | Reached skill level 5 in Spellcasting
  5581 | D:6      | Reached skill level 5 in Dodging
  5587 | D:6      | Reached skill level 7 in Summonings
  5598 | D:6      | Learned a level 4 spell: Summon Ice Beast
  6141 | D:7      | Noticed a hornet
  6148 | D:7      | You fall through a shaft for 2 floors!
  6275 | D:9      | Noticed a queen bee
  6280 | D:9      | theanonym: Рип
  6373 | D:9      | namelastname112: хуип
  6429 | D:9      | Found a staircase to the Lair.
  6656 | D:8      | Noticed komo4ek's ghost (novice DENe)
  6669 | D:8      | Reached XP level 9. HP: 61/75 MP: 9/17
  6671 | D:8      | Killed komo4ek's ghost
  6728 | D:7      | Reached skill level 8 in Summonings
  6933 | D:7      | Found Xuokhlued's Armour Shoppe.
  7013 | D:7      | Found a radiant altar of Vehumet.
  7274 | D:7      | Got the morningstar "Ozello" {freeze, Str+3}
  7275 | D:7      | Identified the +8 morningstar "Ozello" {freeze, Str+3} (You found it on level 7 of the Dungeon)
  7364 | D:8      | theanonym: Чё иммо не берёшь
  7369 | D:8      | epen: Надо берсерка удалять из игры
  7420 | D:8      | namelastname112: зачем иммо
  7434 | D:8      | Found an ornate altar of the Wu Jian Council.
  7529 | D:8      | Reached ** piety under Ashenzari
  7548 | D:8      | Noticed a two-headed ogre
  7556 | D:8      | Killed a two-headed ogre
  7556 | D:8      | Reached skill level 9 in Summonings
  7791 | D:8      | theanonym: С иммо всё лучше
  7844 | D:8      | namelastname112: ну лол
  7844 | D:8      | namelastname112: без рф чет не хочу
  8365 | D:9      | Reached XP level 10. HP: 86/86 MP: 19/19
  8377 | D:9      | Found a staircase to the Orcish Mines.
  9146 | D:10     | Entered Level 10 of the Dungeon
  9151 | D:10     | Reached skill level 10 in Summonings
  9579 | D:10     | Found Seug Oty's General Store.
  9749 | D:11     | Noticed a cyclops
  9760 | D:11     | Killed a cyclops
  9805 | D:11     | Noticed Psyche
  9841 | D:11     | Killed Psyche
  9998 | D:11     | Noticed Josephine
 10018 | D:11     | Killed Josephine
 10223 | D:11     | Got the war axe of the End {freeze, Int+4}
 10397 | D:11     | Reached XP level 11. HP: 52/95 MP: 22/22
 10626 | D:11     | theanonym: Дыхание
 10645 | D:11     | Reached skill level 11 in Summonings
 10692 | D:11     | Noticed Sonja
 11188 | D:11     | Killed Sonja
 11238 | D:12     | Found Itauvab's Armour Emporium.
 11407 | D:12     | Reached *** piety under Ashenzari
 11611 | D:12     | Noticed a white ugly thing
 11639 | D:12     | Killed a brown ugly thing
 11787 | D:12     | Found a white marble altar of Elyvilon.
 11811 | D:12     | Noticed a two-headed ogre
 11821 | D:12     | Killed a two-headed ogre
 11948 | D:12     | Found Qivvehe's Food Shoppe.
 12217 | D:13     | Noticed a two-headed ogre
 12234 | D:13     | Killed a two-headed ogre
 12318 | D:13     | Noticed a two-headed ogre
 12332 | D:13     | Killed a two-headed ogre
 12389 | D:13     | Noticed a purple ugly thing
 12401 | D:13     | Killed a purple ugly thing
 12401 | D:13     | Reached skill level 12 in Summonings
 12587 | D:13     | Noticed a two-headed ogre
 12603 | D:13     | Killed a two-headed ogre
 12814 | D:13     | Noticed Azrael
 12823 | D:13     | Killed Azrael
 13396 | D:13     | Noticed a green ugly thing
 13396 | D:13     | Noticed a cyan ugly thing
 13414 | D:13     | Killed a cyan ugly thing
 13414 | D:13     | Reached XP level 12. HP: 106/106 MP: 4/24
 14091 | D:14     | Noticed a ghoul
 14218 | Lair:1   | Entered Level 1 of the Lair of Beasts
 14224 | Lair:1   | Identified the +1 war axe of the End {freeze, Int+4} (You found it on level 11 of the Dungeon)
 14308 | Lair:1   | Reached skill level 10 in Fighting
 14324 | Lair:1   | Noticed a six-headed hydra
 14342 | Lair:1   | Killed a six-headed hydra
 15131 | Lair:2   | Found a staircase to the Shoals.
 15467 | Lair:2   | Got the cursed dagger of Shame {drain, SInv}
 15592 | Lair:2   | theanonym: Голубой портал счастья
 15657 | Lair:2   | namelastname112: нахуй эти шоалсы
 15706 | Lair:2   | Identified the Disquisition on Toxins
 15922 | Lair:2   | Found a hole to the Spider Nest.
 15935 | Lair:2   | Reached skill level 13 in Summonings
 15936 | Lair:2   | Reached **** piety under Ashenzari
 15944 | Lair:2   | Learned a level 1 spell: Apportation
 16821 | Lair:3   | Noticed an eight-headed hydra
 16835 | Lair:3   | Killed an eight-headed hydra
 17169 | Lair:3   | Identified a scroll of acquirement
 17170 | Lair:3   | Found the cursed +0 mask of the Dragon {MR+ Slay+3 SInv}
 17452 | Lair:3   | Noticed a four-headed hydra
 17466 | Lair:3   | Killed a four-headed hydra
 19220 | Lair:5   | Identified the Tome of Warped Creation (You acquired it on level 5 of the Lair of Beasts)
 19225 | Lair:5   | Learned a level 2 spell: Blink
 19323 | Lair:5   | Reached XP level 13. HP: 115/116 MP: 20/26
 19412 | Lair:5   | epen: Че там по бранчам?
 19845 | Lair:5   | Reached skill level 14 in Summonings
 20162 | Lair:6   | Entered Level 6 of the Lair of Beasts
 20434 | Lair:6   | Reached skill level 10 in Dodging
 20460 | Lair:6   | Reached skill level 10 in Spellcasting
 20607 | Lair:6   | Reached ***** piety under Ashenzari
 20648 | Lair:6   | Found a viscous altar of Jiyva.
 20648 | Lair:6   | Found a staircase to the Slime Pits.
 21911 | Orc:1    | Entered Level 1 of the Orcish Mines
 21911 | Orc:1    | Found Zioteumm's Weapon Emporium.
 21932 | Orc:1    | Noticed Erica
 21938 | Orc:1    | Noticed a stone giant
 21945 | D:9      | Killed Erica
 22091 | D:9      | Mangled by an orc knight

Skill      XL: |  1  2  3  4  5  6  7  8  9 10 11 12 13 |
---------------+----------------------------------------+-----
Dodging        | 2 3 4 5 6 7 8 9 10 | 10.4
Fighting       | 1 2 3 4 6 7 8 9 11 | 11.9
Spellcasting   | 3 4 5 6 7 8 9 10 | 10.3
Summonings     | 5 6 7 9 10 12 13 14 | 14.8
Stealth        | |  1.7

Action                   |  1- 3 |  4- 6 |  7- 9 | 10-12 | 13-15 || total
-------------------------+-------+-------+-------+-------+-------++-------
Melee: Dagger            |    85 |   210 |       |       |       ||   295
       Tailslap          |     6 |    22 |    44 |    49 |    18 ||   139
       Rapier            |       |    22 |   269 |       |       ||   291
       Morningstar       |       |       |    93 |   412 |   106 ||   611
 Cast: Summon Small Mamm |     8 |       |       |       |       ||     8
       Call Imp          |    16 |    33 |    20 |       |       ||    69
       Call Canine Famil |     3 |    18 |    21 |    11 |       ||    53
       Summon Ice Beast  |       |       |    17 |   148 |    56 ||   221
       Summon Lightning  |       |       |     9 |    59 |    44 ||   112
       Apportation       |       |       |       |       |     1 ||     1
Invok: Curse Item        |       |       |     1 |       |       ||     1
 Abil: Breathe Lightning |       |       |     1 |     9 |     3 ||    13
Evoke: Wand              |       |       |       |    17 |     2 ||    19
  Use: Scroll            |       |     8 |    11 |    13 |     1 ||    33
       Potion            |       |     1 |     1 |     5 |       ||     7
 Stab: Sleeping          |     1 |     3 |     5 |     4 |       ||    13
       Distracted        |       |     1 |     6 |     2 |     4 ||    13
       Paralysed         |       |       |       |    11 |       ||    11
  Eat: Chunk             |     2 |     9 |    15 |    30 |    14 ||    70
       Ration            |       |     1 |     2 |     9 |     1 ||    13
Armor: Skin              |    36 |   115 |   241 |   187 |    55 ||   634
Dodge: Dodged            |    78 |   183 |   397 |   554 |   161 ||  1373
